Map: Ascension to Aiur LE

Players

SamuraiFunn - Winner!

  • Race: Protoss Protoss
  • Spawn Location: 11:00

A.I. 1 (Harder)

  • Race: Terran Terran
  • Spawn Location: 5:00

VOD

Have the link to the VOD?

Description

Time

  • Played on: Oct. 29, 2017, 7:29 p.m.
  • Length: 16:00
Show
View Real Time Build Order
Export as new Build Order

SamuraiFunn Protoss - Winner!

Build Orders:  

Get SALT Encoding   

  12  0:01  Probe (Chrono Boost)  
  13  0:12  Probe (Chrono Boost)  
  14  0:20  Pylon  
  14  0:23  Probe (Chrono Boost)  
  15  0:38  Probe (Chrono Boost)  
  15  0:42  Gateway  
  16  0:49  Probe (Chrono Boost)  
  17  0:56  Assimilator  
  17  1:00  Probe (Chrono Boost)  
  18  1:31  Cybernetics Core  
  18  1:40  Zealot  
  18  1:45  Nexus  
  18  1:46  Probe (Chrono Boost)  
  21  2:00  Probe (Chrono Boost)  
  22  2:02  Assimilator  
  22  2:10  Probe (Chrono Boost), Pylon  
  23  2:26  Pylon  
  23  2:28  Zealot  
  25  2:33  Forge  
  25  2:37  Pylon  
  25  2:40  Gateway  
  25  2:43  Probe (Chrono Boost)  
  26  2:58  Probe (Chrono Boost)  
  27  3:03  Probe (Chrono Boost)  
  28  3:09  Assimilator  
  28  3:18  Probe x2 (Chrono Boost)  
  30  3:26  Zealot  
  32  3:29  Zealot  
  32  3:33  Twilight Council  
  34  3:35  Protoss Ground Weapons Level 1  
  34  3:48  Protoss Air Weapons Level 1  
  34  3:51  Probe x2 (Chrono Boost)  
  34  3:53  Zealot  
  38  3:58  Zealot  
  40  4:08  Gateway  
  40  4:15  Stargate  
  40  4:36  Probe x2 (Chrono Boost)  
  42  4:43  Pylon  
  42  4:44  Zealot x2  
  46  4:47  Probe x2 (Chrono Boost)  
  46  4:50  Stargate  
  48  5:09  Void Ray  
  52  5:17  Probe x2 (Chrono Boost)  
  54  5:26  Nexus  
  54  5:27  Probe x2 (Chrono Boost)  
  56  5:30  Protoss Ground Armor Level 1  
  56  5:41  Void Ray  
  60  5:44  Zealot  
  62  5:55  Assimilator  
  62  5:59  Sentry x2  
  66  6:05  Probe x2 (Chrono Boost)  
  66  6:09  Assimilator  
  68  6:26  Pylon  
  68  6:30  Pylon  
  68  6:36  Pylon  
  68  6:37  Void Ray  
  72  6:50  Probe x2 (Chrono Boost)  
  74  6:56  Void Ray  
  78  7:01  Probe (Chrono Boost)  
  78  7:06  Probe x2 (Chrono Boost)  
  78  7:07  Zealot x2  
  78  7:08  Zealot  
  87  7:20  Void Ray  
  91  7:39  Void Ray  
  95  7:58  Protoss Air Armor Level 1  
  95  7:59  Protoss Ground Weapons Level 2  
  95  8:03  Void Ray  
  95  8:04  Zealot  
  95  8:05  Zealot x2  
  105  8:25  Probe (Chrono Boost)  
  105  8:26  Probe x2 (Chrono Boost)  
  108  8:35  Gateway x2  
  108  8:44  Pylon  
  108  8:46  Pylon  
  108  8:49  Pylon  
  108  8:54  Stargate  
  108  9:01  Stargate  
  108  9:02  Zealot x3  
  114  9:04  Void Ray x2  
  102  9:28  Zealot x2  
  102  9:29  Zealot x3  
  97  9:47  Void Ray  
  101  9:52  Void Ray  
  101  9:53  Void Ray  
  101  9:55  Zealot x2  
  101  9:59  Void Ray  
  117  10:15  Protoss Shields Level 1  
  117  10:16  Zealot x2  
  121  10:35  Void Ray  
  121  10:36  Void Ray  
  121  10:39  Zealot x2  
  133  10:48  Pylon x2  
  133  10:51  Pylon  
  133  10:53  Pylon  
  133  11:06  Zealot  
  135  11:12  Probe x3 (Chrono Boost)  
  135  11:16  Zealot x3  
  135  11:17  Zealot  
  135  11:18  Void Ray x2  
  110  12:58  Zealot x4  
  112  12:59  Zealot  
  112  13:00  Void Ray x4  
  132  13:25  Zealot x4  
  132  13:26  Zealot  
  138  13:42  Void Ray x2  
  138  13:43  Void Ray x2  
  154  14:16  Nexus  
  154  14:20  Pylon  
  154  14:24  Assimilator  
  154  14:25  Void Ray x2  
  154  14:28  Assimilator  
  162  14:38  Void Ray x2  
Show
View Real Time Build Order
Export as new Build Order

A.I. 1 (Harder) Terran 

Build Orders: Bio Tank 

Get SALT Encoding   

  12  0:00  SCV  
  13  0:13  SCV  
  14  0:19  Supply Depot  
  14  0:25  SCV  
  15  0:40  SCV  
  15  0:42  Barracks  
  16  0:49  Refinery  
  16  0:53  SCV  
  17  1:05  SCV  
  18  1:17  SCV  
  19  1:22  Supply Depot  
  19  1:29  SCV, Marine  
  21  1:41  Barracks  
  21  1:42  Orbital Command  
  21  1:46  Marine  
  22  1:49  Refinery  
  22  1:57  Factory  
  22  2:06  Barracks Tech Lab  
  22  2:19  Supply Depot  
  22  2:24  Marine  
  22  2:28  Marine  
  24  2:41  Marine  
  25  2:46  Marine  
  25  2:47  Hellion  
  28  2:52  Supply Depot  
  28  2:59  Marine  
  28  3:03  Marine  
  30  3:09  Hellion  
  32  3:17  Marine  
  33  3:25  SCV, Supply Depot  
  34  3:30  Hellion  
  36  3:37  SCV  
  36  3:38  Engineering Bay  
  37  3:49  SCV  
  37  3:51  Hellion  
  40  4:02  SCV  
  41  4:13  Hellion  
  41  4:14  SCV  
  44  4:26  SCV  
  45  4:34  Hellion  
  47  4:54  Barracks Tech Lab  
  47  4:55  Marauder  
  47  4:56  Stimpack  
  47  4:58  Factory, Factory Tech Lab  
  49  5:01  Starport  
  49  5:02  Command Center  
  49  5:03  Supply Depot  
  49  5:07  Starport  
  49  5:12  Combat Shields  
  49  5:16  Marauder  
  49  5:17  Siege Tank  
  54  5:31  Terran Infantry Weapons Level 1  
  54  5:39  Starport Tech Lab  
  54  5:41  Factory Tech Lab  
  54  5:42  Marauder  
  56  5:44  Starport Tech Lab  
  56  5:50  Marauder  
  56  5:55  Supply Depot  
  58  6:02  Siege Tank  
  61  6:14  SCV x2  
  63  6:21  Siege Tank  
  66  6:26  SCV x2  
  66  6:31  Concussive Shells  
  68  6:38  SCV x2, Cyclone  
  73  6:46  Refinery  
  73  6:50  SCV  
  73  6:51  SCV  
  75  6:57  Refinery  
  75  7:02  SCV, Missile Turret  
  75  7:03  SCV  
  75  7:06  Supply Depot  
  77  7:13  Missile Turret  
  77  7:14  Raven  
  77  7:15  SCV x2  
  81  7:24  Missile Turret  
  81  7:25  Terran Infantry Armor Level 1  
  81  7:27  SCV, Missile Turret  
  81  7:28  SCV  
  83  7:33  Supply Depot  
  83  7:36  Raven  
  85  7:39  SCV  
  85  7:40  SCV  
  87  7:47  Bunker  
  87  7:51  SCV, Bunker  
  88  7:53  SCV  
  89  8:03  SCV, Sensor Tower  
  89  8:05  SCV  
  91  8:09  Supply Depot  
  91  8:15  SCV  
  91  8:19  Armory  
  92  8:26  Barracks  
  92  8:49  Medivac, Siege Tank  
  92  8:52  Factory, Medivac  
  92  8:53  Supply Depot  
  99  9:02  Starport  
  99  9:05  Command Center  
  99  9:12  Barracks Reactor  
  99  9:19  Medivac  
  99  9:20  Marine  
  99  9:23  Raven  
  100  9:25  Marine  
  96  9:35  Factory Tech Lab  
  96  9:38  Starport Reactor, Marine  
  95  9:42  Siege Tank  
  95  9:43  Marine  
  100  9:48  Supply Depot, Marine  
  101  9:53  Siege Tank  
  101  9:57  Marine  
  105  10:01  Siege Tank  
  105  10:05  Marine  
  109  10:14  Marine, Siege Tank  
  111  10:16  Supply Depot  
  111  10:17  SCV  
  111  10:18  SCV x2, Marine  
  116  10:22  Marine  
  116  10:26  Terran Infantry Weapons Level 2  
  117  10:29  SCV  
  117  10:30  SCV, Refinery  
  117  10:31  SCV  
  120  10:36  Refinery  
  120  10:42  SCV  
  121  10:43  SCV  
  121  10:44  SCV  
  123  10:54  SCV  
  123  10:55  SCV, Infernal Pre-Igniter  
  123  10:56  SCV, Missile Turret  
  126  11:03  Missile Turret, Terran Vehicle Weapons Level 1  
  126  11:06  SCV  
  126  11:07  SCV  
  128  11:18  Engineering Bay  
  128  11:22  Ghost Academy  
  128  11:23  SCV  
  127  11:26  SCV  
  127  11:30  SCV  
  127  11:32  Bunker  
  128  11:39  Fusion Core  
  128  11:42  SCV  
  128  11:43  Armory  
  128  11:44  Bunker  
  128  11:56  SCV  
  128  11:57  Marine  
  119  12:01  Marine  
  119  12:06  Marine  
  119  12:07  Command Center  
  93  12:10  Marine  
  93  12:15  Marine  
  65  12:19  Marine  
  63  12:23  Marine  
  63  12:26  Hellion  
  63  12:29  Marine  
  63  12:32  Raven, Hellion  
  63  12:33  Marine  
  62  12:37  Marine  
  62  12:38  Starport  
  62  12:39  Hellion  
  62  12:41  Marine  
  62  12:42  Viking  
  55  12:47  Marine, Siege Tank  
  55  12:50  Marine  
  56  12:53  Siege Tank  
  54  13:04  Marine  
  52  13:08  Marine  
  52  13:12  Viking  
  52  13:15  Raven, Command Center, Marine  
  55  13:20  Marine  
  54  13:27  Starport Reactor  
  33  14:06  Command Center  
  9  14:52  SCV  
Tags
 
Composition
Bio Tank
Matchup
PvT
Replay Pack
First 100 games
Spawn Locations
Cross Positions
Add a new tag
Caveats
  • Supply blocks, unpowered buildings, or Contaminate may cause inaccurate times.
  • Supply counts are checked every 10 seconds.